 Dungeon Crawl Stone Soup version 0.30-a0-867-g305f33218d (webtiles) character file.

Game seed: 2388055150257410158

90 iguanaiguana the Chiller (level 4, 0/35 HPs)
             Began as an Armataur Ice Elementalist on Mar 10, 2023.
             Slain by a phantom (7 damage)
             ... on level 4 of the Dungeon.
             The game lasted 00:04:36 (462 turns).

iguanaiguana the Chiller (Armataur Ice Elementalist) Turns: 462, Time: 00:04:37

Health: 0/35       AC:  4    Str: 14    XL:     4   Next: 32%
Magic:  3/7        EV: 14    Int: 17    God:
Gold:   54         SH:  0    Dex: 10    Spells: 3/7 levels left

rFire   . . .      SeeInvis .    c - +0 whip
rCold   . . .      Faith    .    (no shield)
rNeg    . . .      Spirit   .    a - +0 robe
rPois   .          Reflect  .    (no helmet)
rElec   .          Roll     +    (no cloak)
rCorr   .                        (no gloves)
Will    .....                    (no barding)
Stlth   ++                       (no amulet)
HPRegen 0.25/turn                e - +5 ring of evasion
MPRegen 0.10/turn                (no ring)

@: no status effects
A: large, rugged brown scales 3, deformed body, armoured tail, roll, long
tongue, awkward tongue
a: no special abilities


You were on level 4 of the Dungeon.
You visited 1 branch of the dungeon, and saw 5 of its levels.

You collected 54 gold pieces.

Inventory:

Hand Weapons
 c - a +0 whip (weapon)
Missiles
 g - 2 poisoned darts
Armour
 a - a +0 robe (worn)
Jewellery
 e - a +5 ring of evasion (left hand)
Scrolls
 d - 2 scrolls of identify {@r1}
 f - a scroll of immolation
Potions
 b - a potion of magic


   Skills:
 - Level 1.3 Dodging
 - Level 2.1 Stealth
 + Level 2.0 Spellcasting
 - Level 5.2 Ice Magic


You had 3 spell levels left.
You knew the following spells:

 Your Spells              Type           Power      Damage    Failure   Level
a - Freeze                Ice            76%        1d8       2%          1
b - Frozen Ramparts       Ice            38%        1d6       7%          3

Your spell library contained the following spells:

 Spells                   Type           Power      Damage    Failure   Level
 Ozocubu's Armour         Ice            19%        N/A       7%          3
 Summon Ice Beast         Ice/Summ       10%        N/A       54%         4


Dungeon Overview and Level Annotations

Branches:
Dungeon (5/15) Zot: 26758
 Temple: D:4-7

Altars:
Kikubaaqudgha

Annotations:
D:4 exclusion: downstairs
D:5 Pikel


Innate Abilities, Weirdness & Mutations

You are completely covered in rugged brown scales. (AC +3, +7% HP)
Armour fits poorly on your strangely shaped body.
You have a long armoured tail.
You roll when moving toward enemies. (Rampage)
Your long tongue fully drains potion bottles. (2x potion effects)
Your tongue gives you trouble enunciating. (1.5x scroll delay)


Message History

The frozen ramparts melt away as you move.
A scorpion comes into view.
There is a dry fountain here.
The phantom attacks as you move away! The phantom attacks as you move away!
Casting: Frozen Ramparts (dangerous; 7% risk of failure)
Confirm with . or Enter, or press ? or * to list all spells.
You don't have enough magic to cast this spell.
You hit the phantom.
The phantom is heavily damaged.
The phantom hits you.
* * * LOW HITPOINT WARNING * * *
The phantom blinks!
You blink.
You closely miss the phantom.
The phantom is heavily damaged.
The phantom hits you.
* * * LOW HITPOINT WARNING * * *
You hit the phantom but do no damage.
The phantom is heavily damaged.
You barely miss the phantom.
The phantom is heavily damaged.
You hit the phantom.
The phantom is heavily damaged.
You closely miss the phantom.
Your tail-slap misses the phantom.
The phantom is heavily damaged.
The phantom hits you.
* * * LOW HITPOINT WARNING * * *
You hit the phantom.
The phantom is severely damaged.
You hit the phantom.
The phantom is severely damaged.
The phantom hits you.
* * * LOW HITPOINT WARNING * * *
The phantom blinks!
You blink.
You barely miss the phantom.
The phantom is severely damaged.
You hit the phantom.
The phantom is severely damaged.
The phantom hits you!
You die...

#.##.).[.###
#.#..........g .#
##....######## #.#
##.........
#.###..########.?.
#.#.#.#....##....
#....#._.....⌠.s
#....#.~.......#
#...@#..~~~~~...
##.W.##...~≈~~..
#§#.##...≈≈~..#
#§..#....~~≈~.#
##[...⌠...~...#
#..........###
#.####...#.# #.#
###...# #/# ##.#


You could see a phantom.

Vanquished Creatures
  2 hounds
  An adder (D:2)
  A dart slug (D:2)
  An endoplasm (D:2)
  2 giant cockroaches (D:4)
  2 goblins (D:4)
  2 hobgoblins
  2 jackals (D:2)
  7 kobolds
20 creatures vanquished.

Notes
Turn   | Place    | Note
-------+----------+-------------------------------------------
     0 | D:1      | iguanaiguana the Armataur Ice Elementalist began the quest
                  | for the Orb.
     0 | D:1      | Reached XP level 1. HP: 14/14 MP: 3/3
   135 | D:2      | Reached skill level 4 in Ice Magic
   150 | D:2      | Reached XP level 2. HP: 16/21 MP: 2/4
   227 | D:5      | Entered Level 5 of the Dungeon
   227 | D:5      | Noticed Pikel
   227 | D:5      | Noticed a lemure
   227 | D:5      | Noticed a lemure
   227 | D:5      | Noticed a wight
   228 | D:5      | Noticed a lemure
   254 | D:4      | Reached XP level 3. HP: 21/27 MP: 0/5
   274 | D:4      | Learned a level 3 spell: Frozen Ramparts
   398 | D:5      | Reached skill level 5 in Ice Magic
   398 | D:5      | Reached XP level 4. HP: 30/35 MP: 2/7
   424 | D:4      | Found an ancient bone altar of Kikubaaqudgha.
   425 | D:4      | Noticed a phantom
   444 | D:4      | Noticed a scorpion
   462 | D:4      | Slain by a phantom

Illustrated notes

Levels and vault maps discovered:
D:1:      co_arrival_hexagon_in_a_hexagon, layout_basic
D:2:      layout_basic, minmay_surrounded
D:3:      layout_loops_ring, mainiacjoe_overflow_large_starburst,
          ebering_ghost_disaster_area
D:4:      layout_loops_ring, kiku_gazebo_pond_becter
D:5:      wad_woods_tower, layout_basic, grunt_ministairs_1, uniq_pikel

Skill      XL: |  1  2  3 |
---------------+----------+-----
Ice Magic      | 4 5 |  5.2
Spellcasting   | 2 |  2.0
Dodging        | |  1.3
Stealth        | |  2.1

Action                     |  1- 3 |  4- 6 || total
---------------------------+-------+-------++-------
  Melee: Whip              |    37 |    23 ||    60
         Tailslap          |     7 |     1 ||     8
         Unarmed           |     1 |       ||     1
   Cast: Freeze            |    12 |       ||    12
         Frozen Ramparts   |     1 |     2 ||     3
    Use: Scroll            |     2 |     1 ||     3
   Stab: Sleeping          |     2 |       ||     2
 Armour: Robe              |    14 |     8 ||    22
  Dodge: Dodged            |    35 |    13 ||    48

Table legend: (Time is in decaauts)
 A = Elapsed time spent in this place.
 B = Non-inter-level travel time spent in this place.
 C = Inter-level travel time spent in this place.
 D = Time resting spent in this place.
 E = Time spent auto-exploring this place.
 F = Levels seen in this place.
 G = Mean time per level.
                   A        B        C        D        E       F      G
               +--------+--------+--------+--------+--------+-----+--------+
         Total |    467 |    449 |     18 |      0 |      0 |   5 |   93.4 |
       Dungeon |    467 |    449 |     18 |      0 |      0 |   5 |   93.4 |
               +--------+--------+--------+--------+--------+-----+--------+

Top non-repeatable levels by time:
     D:4: 197 daAuts
     D:2: 93 daAuts
     D:3: 84 daAuts
     D:1: 81 daAuts
     D:5: 10 daAuts
